 Dungeon Crawl Stone Soup version 0.23-a0-667-gc184e93 (webtiles) character file.

56 Lavandula the Bolt Thrower (level 4, 0/27 HPs)
             Began as a Halfling Arcane Marksman on Jan 8, 2019.
             Slain by an orc priest
             ... wielding a +0 short sword
              (8 damage)
             ... on level 3 of the Dungeon.
             The game lasted 00:03:05 (507 turns).

Lavandula the Bolt Thrower (HaAM)                    Turns: 507, Time: 00:03:06

Health: 0/27       AC:  3    Str: 10 (12) XL:     4   Next: 17%
Magic:  5/5        EV: 14    Int:  9 (11) God:
Gold:   70         SH:  0    Dex: 12 (14) Spells: 4/5 levels left

rFire    . . .     SeeInvis .   a - +0 hand crossbow
rCold    . . .     Gourm    .   (shield restricted)
rNeg     . . .     Faith    .   e - +0 robe
rPois    .         Spirit   .   (no helmet)
rElec    .         Reflect  .   (no cloak)
rCorr    .         Harm     .   h - +0 pair of gloves
MR       .....                  (no boots)
Stlth    +.........             (no amulet)
HPRegen  0.09/turn              (no ring)
MPRegen  0.09/turn              (no ring)

@: no status effects
A: small, mutation resistance 1
a: no special abilities


You were on level 3 of the Dungeon.
You were not hungry.

You visited 1 branch of the dungeon, and saw 3 of its levels.

You collected 70 gold pieces.

Inventory:

Hand Weapons
 a - a +0 hand crossbow (weapon)
Missiles
 d - a bolt (quivered)
Armour
 e - a +0 robe (worn)
 h - a +0 pair of gloves (worn)
Scrolls
 c - a scroll of remove curse {unknown}
 g - 2 scrolls of identify {unknown}
Potions
 b - a potion of degeneration
Comestibles
 f - 2 rations


   Skills:
 - Level 0.8 Fighting
 + Level 4.5 Crossbows
 - Level 2.1 Dodging
 - Level 1.0 Spellcasting
 - Level 2.4 Hexes


You had 4 spell levels left.
You knew the following spells:

 Your Spells              Type           Power        Failure   Level  Hunger
a - Corona                Hex            #......      14%         1    ##.....

Your spell library contained the following spells:

 Spells                   Type           Power        Failure   Level  Hunger
 Slow                     Hex            #.......     22%         2    ###....
 Inner Flame              Hex/Fire       #.......     56%         3    ####...
 Portal Projectile        Hex/Tloc       #.....       56%         3    ####...
 Cause Fear               Hex            #.........   80%         4    #####..
 Leda's Liquefaction      Hex/Erth       #.........   92%         4    #####..


Dungeon Overview and Level Annotations

Branches:
Dungeon (3/15)

Altars:


Innate Abilities, Weirdness & Mutations

You are small and have problems with some larger weapons.
You are somewhat resistant to further mutation.


Message History

The orc priest is moderately wounded.
The orc priest hits you but does no damage.
It was a potion of degeneration.
There was something very wrong with that liquid.
You feel weakened.
You feel dopey.
You feel clumsy.
The orc priest looks encouraged for a moment.
Firing (i - inventory)
d - 3 bolts (quivered)
Press: ? - help, Shift-Dir - straight line, f/p - orc
Aim: an orc, wielding a +0 short sword and wearing a +0 chain mail You shoot a bolt.
The bolt hits the orc priest but does no damage.
The orc priest is moderately wounded.
The orc priest barely misses you.
Firing (i - inventory)
d - 2 bolts (quivered)
Press: ? - help, Shift-Dir - straight line, f/p - orc
Aim: an orc, wielding a +0 short sword and wearing a +0 chain mail You shoot a bolt.
The bolt hits the orc priest.
The orc priest is moderately wounded.
The orc priest hits you with a +0 short sword!
You die...

# ####.#### #o)...o(o
#o# #@# #.# #
#.########
############
#........#
...........#
#.####...#
######...#.#
#.####...# #
##......#####.#.......
#.....................
#.)......####.#.......


You could see an orc priest and an orc.

Vanquished Creatures
  2 adders
  A worm (D:3)
  A dart slug (D:1)
  3 orcs (D:3)
  3 bats
  2 giant cockroaches (D:1)
  A goblin (D:2)
  4 hobgoblins
  3 jackals (D:3)
  2 kobolds (D:1)
  A quokka (D:3)
  3 frilled lizards
  3 rats
29 creatures vanquished.

Notes
Turn   | Place    | Note
-------+----------+-------------------------------------------
     0 | D:1      | Lavandula the Halfling Arcane Marksman began the quest for
                  | the Orb.
     0 | D:1      | Reached XP level 1. HP: 12/12 MP: 2/2
    44 | D:2      | Reached skill level 3 in Crossbows
    44 | D:2      | Reached XP level 2. HP: 18/18 MP: 1/3
   233 | D:1      | Reached XP level 3. HP: 22/22 MP: 4/4
   377 | D:3      | Reached skill level 4 in Crossbows
   456 | D:3      | Reached XP level 4. HP: 27/27 MP: 2/5
   507 | D:3      | Slain by an orc priest

Vault maps used:
D:1:      giann_bridges, minmay_misc_feat_chi, minmay_tetromino_s2
D:3:      kiku_gazebo_pond_becter, chequers_temple_overflow_minitemple

Skill      XL: |  1  2  3 |
---------------+----------+-----
Crossbows      | 3 4 |  4.5
Fighting       | |  0.8
Dodging        | |  2.1
Spellcasting   | |  1.0
Hexes          | |  2.4

Action                   |  1- 3 |  4- 6 || total
-------------------------+-------+-------++-------
 Fire: Hand crossbow     |    54 |    14 ||    68
 Cast: Corona            |     4 |       ||     4
  Use: Potion            |       |     1 ||     1
Armor: Robe              |     4 |     1 ||     5
Dodge: Dodged            |    26 |     3 ||    29

Table legend:
 A = Non-vault XP
 B = Vault XP
 C = Vault XP percentage of total XP
 D = Non-vault monster count
 E = Vault monster count
 F = Vault count percentage of total count
                 A         B        C        D         E       F
            +---------+---------+-------+---------+---------+-------
      Total |      81 |       0 |   0.0 |      29 |       0 |   0.0
            +---------+---------+-------+---------+---------+-------
        D:1 |      23 |       0 |   0.0 |      13 |       0 |   0.0
        D:2 |      16 |       0 |   0.0 |       2 |       0 |   0.0
        D:3 |      42 |       0 |   0.0 |      14 |       0 |   0.0
            +---------+---------+-------+---------+---------+-------
